 Zot Defence DCSS version 0.15.2 (webtiles) character file.

394 nuthulu the Ruffian (level 6, -16/61 HPs)
             Began as a Troll Monk on Mar 2, 2019.
             Demolished by a spiny frog (20 damage)
             ... in the Realm of Zot (Scenario I: Hall of Zot).
             The game lasted 00:03:54 (494 turns).

nuthulu the Ruffian (Troll Monk)                     Turns: 494, Time: 00:03:54

HP -16/61        AC  5     Str 22      XL: 6   Next: 52%
MP   3/3         EV 11     Int  6      God:
Gold 0           SH  0     Dex 12      Spells:  0 memorised,  5 levels left

rFire  . . .     SeeInvis .       - Unarmed
rCold  . . .     Clarity  .     a - +0 robe
rNeg   . . .     rCorr    .     (shield restricted)
rPois  .         rRot     .     (helmet restricted)
rElec  .         Spirit   .     (no cloak)
SustAb .         Warding  .     (gloves unavailable)
rMut   .         Stasis   .     (boots unavailable)
Gourm  +                        (no amulet)
MR     .....                    (no ring)
                                (no ring)

@: hasted, very quick, not resistant to hostile enchantments, very unstealthy
A: unfitting armour, claws 3, fast metabolism 3, gourmand, regeneration 2,
saprovore 2, shaggy fur 1, tough skin 2
a: Make oklob sapling, Make arrow trap, Make plant, Remove Curse, Make burning
bush, Make altar, Make grenades


You were in the Realm of Zot.
You were not hungry.

You visited 1 branch

Inventory:

Armour
 a - a +0 robe (worn)
Comestibles
 c - 2 meat rations
Scrolls
 h - a scroll of blinking
Potions
 b - 2 potions of curing
 d - a potion of heal wounds
 f - 2 potions of magic


   Skills:
 + Level 3.5 Fighting
 + Level 3.7 Dodging
 - Level 1.1 Stealth
 * Level 6.3 Unarmed Combat


You had 5 spell levels left.
You didn't know any spells.

Dungeon Overview and Level Annotations

Branches:
    Zot (1/1)

Altars:


Innate Abilities, Weirdness & Mutations

You are too large for most types of armour.
You have claws for hands.
Your metabolism is lightning-fast.
You like to eat raw meat.
You heal very quickly.
You can eat rotten meat.
You are covered in fur (AC +1).
You have very tough skin (AC +2).


Message History

The giant frog hits you! x2
You claw the giant frog!
The giant frog is severely wounded.
The spiny frog stings you!
You are poisoned.
The spiny frog poisons you! The giant frog hits you.
Unknown command.
Drink which item? (? for menu, Esc to quit)
You feel better. The spiny frog stings you!! The giant frog hits you.
Your oklob sapling spits acid at the giant frog.
The splash of acid misses the spiny frog.
The splash of acid hits the giant frog.
The giant frog writhes in agony as its flesh is eaten away!
The giant frog dies!
Unknown command.
Drink which item? (? for menu, Esc to quit)
You feel yourself speed up. The spiny frog stings you!!
* * * LOW HITPOINT WARNING * * *
The spiny frog stings you!!
You die...

▓▓▓▓▓▓▓▓ ▓▓▓▓▓▓▓▓ ....▓▓▓▓
▓▓▓▓.... .......▓▓▓ ▓▓▓.......
.........▓▓ ▓▓.........
..........▓ ▓▓▓▓▓▓▓▓▓ ▓..........
..........▓▓▓.......▓▓▓..........
..........▓▓P.......P▓▓..........
..........▓.....).....▓..........
..............(F@F)%.............
..........▓....(%.....▓..........
..........▓▓P......)P▓▓..........
..........▓▓▓.......▓▓▓..........
..........# ▓▓▓▓▓▓▓▓▓ #..........
.........## ##.........
.......### ###....... ....####
####.... ######### #########


You could see a spiny frog (bleeding), a blink frog and 4 friendly oklob
saplings.

Vanquished Creatures
  A necrophage (Zot)
  A worm (Zot)
  An ooze (Zot)
  2 bats (Zot)
  A bat skeleton (Zot)
  5 goblins (Zot)
  A giant cockroach zombie (Zot)
  A goblin skeleton (Zot)
  3 kobolds (Zot)
  A kobold zombie (Zot)
  A rat (Zot)
  2 rat zombies (Zot)
20 creatures vanquished.

Vanquished Creatures (collateral kills)
  A giant frog (Zot)
  A necrophage skeleton (Zot)
  A shadow imp (Zot)
  A worm (Zot)
  A bat skeleton (Zot)
  A giant cockroach (Zot)
  2 goblins (Zot)
  A ball python (Zot)
  A goblin zombie (Zot)
  2 kobolds (Zot)
  5 rats (Zot)
17 creatures vanquished.

Grand Total: 37 creatures vanquished

Notes
Turn   | Place    | Note
--------------------------------------------------------------
     0 | Zot      | nuthulu, the Troll Monk, began the quest for the Orb.
     0 | Zot      | Reached XP level 1. HP: 22/22 MP: 1/1
   217 | Zot      | Reached XP level 2. HP: 29/29 MP: 1/1
   251 | Zot      | Reached XP level 3. HP: 19/36 MP: 2/2
   342 | Zot      | Noticed Fasch
   353 | Zot      | Killed Fasch the necrophage
   353 | Zot      | Reached skill level 5 in Unarmed Combat
   353 | Zot      | Reached XP level 4. HP: 45/45 MP: 2/2
   353 | Zot      | Reached XP level 5. HP: 53/53 MP: 2/2
   454 | Zot      | Reached XP level 6. HP: 59/61 MP: 3/3
   460 | Zot      | Reached skill level 6 in Unarmed Combat
   485 | Zot      | Noticed a spiny frog
   490 | Zot      | Noticed a blink frog
   494 | Zot      | Demolished by a spiny frog

Action                   |  1- 3 |  4- 6 || total
-------------------------+-------+-------++-------
Melee: Unarmed           |    44 |    16 ||    60
 Abil: Make oklob saplin |     1 |     3 ||     4
  Use: Potion            |     1 |     2 ||     3
  Eat: Chunk             |     1 |     2 ||     3
